Map: Odyssey LE

Players

TLO - Winner!

  • Race: Zerg Zerg
  • Spawn Location: 11:00

PandaBearMe

  • Race: Zerg Zerg
  • Spawn Location: 5:00

Event: WCS Montreal 2017

VOD

Have the link to the VOD?

Description

Time

  • Played on: Sept. 8, 2017, 2:32 p.m.
  • Length: 4:10

All games in this series

Show
View Real Time Build Order
Export as new Build Order

TLO Zerg - Winner!

Build Orders: Pool First 

Get SALT Encoding   

  12  0:00  Drone  
  13  0:13  Overlord  
  13  0:18  Drone  
  14  0:32  Drone x2  
  14  0:35  Drone  
  17  0:38  Extractor  
  16  0:46  Drone  
  17  0:51  Spawning Pool  
  17  0:56  Drone  
  17  1:17  Hatchery  
  16  1:20  Drone  
  17  1:37  Queen  
  17  1:38  Zergling x2  
  20  1:42  Metabolic Boost  
  20  1:46  Zergling x2  
  21  1:49  Zergling x2  
  22  1:55  Overlord  
  22  2:13  Queen  
  22  2:14  Zergling x4  
  26  2:23  Zergling x2  
  27  2:30  Queen  
  27  2:32  Zergling x2  
  30  2:37  Zergling x2  
  30  2:44  Zergling x4  
  33  2:47  Zergling x6  
  36  2:56  Overlord  
  36  3:04  Overlord  
  36  3:12  Overlord  
  36  3:13  Overlord  
  36  3:15  Drone  
  36  3:17  Drone  
  38  3:21  Drone  
  38  3:23  Drone  
  40  3:27  Drone  
  40  3:31  Zergling x2  
  40  3:32  Zergling x2  
  42  3:35  Zergling x2  
  42  3:38  Zergling x2  
  42  3:41  Zergling x2  
  42  3:44  Zergling x2  
  42  3:45  Zergling x2  
  42  3:48  Zergling x2  
  43  3:52  Zergling x2  
Show
View Real Time Build Order
Export as new Build Order

PandaBearMe Zerg 

Build Orders: Pool First 

Get SALT Encoding   

  12  0:02  Drone  
  13  0:11  Overlord  
  13  0:18  Drone  
  14  0:31  Drone x2  
  16  0:37  Drone  
  16  0:39  Extractor  
  16  0:45  Drone  
  17  0:50  Spawning Pool  
  16  0:58  Drone  
  17  1:20  Hatchery  
  17  1:21  Drone  
  17  1:37  Zergling x4  
  17  1:39  Queen  
  21  1:48  Metabolic Boost  
  21  1:51  Drone  
  22  2:04  Baneling Nest  
  22  2:05  Overlord  
  21  2:11  Zergling x2  
  22  2:29  Zergling x2  
  24  2:30  Zergling x2  
  24  2:35  Zergling x2  
  25  2:37  Zergling x2  
  26  2:44  Zergling x4  
  26  2:47  Baneling x2  
  26  2:49  Zergling x4  
  30  2:53  Zergling x2  
  30  2:57  Zergling x2  
  33  2:58  Zergling x2  
  33  3:04  Zergling x2  
  33  3:18  Zergling x4  
  34  3:20  Overlord  
  32  3:31  Queen  
  32  3:32  Drone x2  
  35  3:34  Overlord  
  35  3:35  Baneling  
  33  3:47  Drone  
  33  3:52  Baneling  
  33  3:53  Baneling  
  33  3:54  Drone x2  
  34  3:57  Drone x2  
Tags
 
Add a new tag
Caveats
  • Supply blocks, unpowered buildings, or Contaminate may cause inaccurate times.
  • Supply counts are checked every 10 seconds.